 Dungeon Crawl Stone Soup version 0.18.1-48-g4cf74bf (webtiles) character file.

71447 Peloso the Peltast (level 14, -5/141 HPs)
             Began as a Minotaur Fighter on July 27, 2016.
             Was the Champion of Okawaru.
             Killed from afar by a fire dragon (75 damage)
             ... with a blast of flame
             ... on level 8 of the Lair of Beasts.
             The game lasted 01:17:18 (22779 turns).

Peloso the Peltast (Minotaur Fighter)              Turns: 22779, Time: 01:17:19

Health: -5/141     AC: 34    Str: 30    XL:     14   Next: 97%
Magic:  13/14      EV: 15    Int:  5    God:    Okawaru [******]
Gold:   1178       SH: 17    Dex: 13    Spells: 0 memorised, 13 levels left

rFire  x . .     SeeInvis .     H - +2 scimitar (flame)
rCold  + . .     Gourm    .     t - +0 plate armour
rNeg   . . .     Faith    .     c - +0 shield
rPois  .         Spirit   .     A - +1 hat of the Sailor {rF- rC+ MR- Str+5}
rElec  .         Dismiss  .     (no cloak)
rCorr  .         Reflect  .     R - +2 pair of gloves
SustAt .         Harm     .     y - +0 pair of boots {Fly}
MR     .....                    (no amulet)
Stlth  ..........               G - +5 ring of protection
                                I - +4 ring of protection

@: heroism, flying, not resistant to hostile enchantments, extremely unstealthy
A: retaliatory headbutt, horns 2, deterioration 1, robust 1, strong 1
a: Heroism, Finesse, Renounce Religion, Stop Flying


You were on level 8 of the Lair of Beasts.
You worshipped Okawaru.
Okawaru was exalted by your worship.
You were not hungry.

You visited 3 branches of the dungeon, and saw 21 of its levels.
You also visited: Labyrinth and Volcano.

You collected 1178 gold pieces.

Inventory:

Hand Weapons
 a - a +0 long sword of venom
 H - a +2 scimitar of flaming (weapon)
Armour
 c - a +0 shield (worn)
 s - a +1 cloak of fire resistance
 t - a +0 plate armour (worn)
 x - the +2 cloak of Indecent Exposure {rElec Str+4}
   (You found it on level 7 of the Lair of Beasts)

   It affects your strength (+4).
   It insulates you from electricity.
 y - a +0 pair of boots of flying (worn)
 A - the +1 hat of the Sailor (worn) {rF- rC+ MR- Str+5}
   (Okawaru gifted it to you on level 7 of the Lair of Beasts)

   It affects your strength (+5).
   It makes you vulnerable to fire.
   It protects you from cold.
   It affects your resistance to hostile enchantments.
 P - a +2 cloak of poison resistance
 R - a +2 pair of gloves (worn)
Jewellery
 k - an uncursed ring of protection from fire
 o - an uncursed ring of ice
 r - an uncursed ring of protection from magic
 G - a +5 ring of protection (right hand)
 I - a +4 ring of protection (left hand)
 J - an uncursed ring of positive energy
Wands
 i - a wand of digging (10/24)
 B - a wand of hasting (7/9)
Scrolls
 b - 6 scrolls of teleportation
 h - 5 scrolls of enchant armour
 v - 2 scrolls of recharging
 w - 3 scrolls of identify
 E - 7 scrolls of remove curse
 L - 4 scrolls of fear
Potions
 d - 3 potions of might
 j - 2 potions of invisibility
 l - 3 potions of agility
 m - 12 potions of curing
 q - a potion of berserk rage
 D - 2 potions of heal wounds
 O - 2 potions of resistance
Comestibles
 f - 17 bread rations
 n - a slice of pizza
 p - 16 meat rations
 z - 2 chunks of flesh
 M - 18 fruits
 N - 5 royal jellies


   Skills:
 + Level 13.5(18.5) Fighting
 + Level 15.6(20.6) Long Blades
 + Level 14.2(19.2) Armour
 + Level 7.4(12.4) Dodging
 + Level 1.9(6.9) Stealth
 + Level 16.9(21.9) Shields
 + Level 2.2 Invocations
 + Level 1.2 Evocations


You had 13 spell levels left.
You didn't know any spells.

Dungeon Overview and Level Annotations

Branches:
Dungeon (12/15)            Temple (1/1) D:4            Lair (8/8) D:9
 Shoals (0/4) Lair:3       Spider (0/4) Lair:6        Slime (0/6) Lair:6
    Orc (0/2) D:11

Altars:
Ashenzari
Cheibriados
Dithmenos
Elyvilon
Fedhas
Gozag
Kikubaaqudgha
Makhleb
Nemelex Xobeh
Okawaru
Pakellas
Qazlal
Ru
Sif Muna
Trog
Vehumet
Xom
Yredelemnul
Zin
The Shining One

Shops:
D:11 ?

Portals:
Trove: D:11 (give 7 potions of haste)

Annotations:
Lair:1 exclusion: oklob plant


Innate Abilities, Weirdness & Mutations

You reflexively headbutt those who attack you in melee.
You have a pair of horns on your head.
Your body sometimes deteriorates upon taking damage.
You are robust (+10% HP).
Your muscles are strong. (Str +2)


Message History

You barely miss the fire dragon. The fire dragon breathes flames at you.
The blast of flame hits you! The fire burns you terribly!
You closely miss the fire dragon. You barely miss the fire dragon.
You headbutt the fire dragon, but do no damage.
The fire dragon bites you.
The fire dragon claws you but does no damage.
The fire dragon tramples you but does no damage.
You slash the fire dragon! You headbutt the fire dragon.
The fire dragon is lightly wounded.
The fire dragon completely misses you. You furiously retaliate!
You headbutt the fire dragon. You block the fire dragon's attack.
The fire dragon tramples you but does no damage.
You hit the fire dragon but do no damage.
The fire dragon is lightly wounded.
The fire dragon breathes flames at you. The blast of flame hits you!
The fire burns you terribly!
Ouch! That really hurt!
You die...

##### #.##.P.###
#.......###
#....###....## ....#
##....## ..# #.##.8.#
# ###...## ###...#@#
#....###D$# ##..##
$.$# ##..## $$$$#
#...# $$$$# #..#####
#$$## ##.P...## ###
##...#.### #P.......
#.....#..##.........##


You could see a fire dragon.

Vanquished Creatures
  A fire giant (D:12)
  Snorg (D:10)
  A yaktaur captain (D:12)
  A fire dragon (Lair:8)
  A minotaur (Lab)
  5 hydras
  Erica (D:9)
  An anaconda (shapeshifter) (D:12)
  The ghost of tesudzi the Reanimator, a novice DDNe of Cheibriados (Lair:1)
  7 death yaks
  Nergalle (Lair:1)
  Urug (D:12)
  Sonja (Lair:4)
  4 skeletal warriors
  An unseen horror (D:11)
  4 hill giants
  2 lindwurms
  An ugly thing (D:10)
  7 griffons
  An oklob plant (Lair:4)
  Joseph (Lair:1)
  3 cyclopes
  A siren (Lair:3)
  A black mamba (Lair:5)
  19 elephants
  2 molten gargoyles (Volcano)
  The ghost of tape the Destroyer, a novice TeFE of Vehumet (D:7)
  3 gargoyles
  3 rime drakes
  2 torpor snails
  10 spiny frogs
  9 komodo dragons
  A demonic crawler (Lair:8)
  3 trolls
  The ghost of schammes the Shield-Bearer, an amateur DsFi of Nemelex Xobeh (D:5)
  A two-headed ogre (D:10)
  A slime creature (Lair:6)
  15 blink frogs
  Sigmund (D:2)
  3 fire elementals (Volcano)
  A wraith (D:9)
  2 wyverns (D:12)
  11 hippogriffs
  58 yaks
  4 basilisks
  2 steam dragons
  4 hungry ghosts
  2 hell hounds (D:9)
  25 water moccasins
  4 sky beasts
  3 swamp drakes (Lair:8)
  15 porcupines
  3 ice beasts
  6 orc warriors
  A necrophage (D:8)
  3 phantoms
  An eye of draining (D:10)
  A wasp (D:9)
  3 wolves (Lair:1)
  A black bear (Lair:3)
  2 centaurs
  4 ogres
  13 crocodiles
  4 big kobolds
  A gnoll sergeant (D:9)
  3 wyvern zombies
  17 giant frogs
  6 scorpions
  3 spriggan skeletons (D:9)
  A troll skeleton (D:9)
  3 electric eels
  3 howler monkeys
  3 crimson imps
  5 jellies
  2 quasits
  2 centaur zombies
  3 giant frog zombies
  7 orc priests
  2 giant frog skeletons
  6 hounds
  7 orc wizards
  3 centaur skeletons
  Jessica (D:7)
  10 iguanas
  12 worker ants
  18 sheep
  A killer bee zombie (D:11)
  A hound zombie (D:11)
  A hound skeleton (D:11)
  9 gnolls
  89 river rats
  15 adders
  3 shadow imps
  An ooze (D:6)
  An adder skeleton (D:5)
  4 worms
  2 dart slugs
  2 giant geckos
  51 orcs
  3 ball pythons
  7 giant cockroaches
  8 goblins
  4 hobgoblins
  4 jackals
  3 quokkas
  8 bats
  5 giant newts
  26 kobolds
  A quokka zombie (D:7)
  6 rats
  4 fire vortices (Volcano)
  2 fungi
  A plant (Lair:8)
677 creatures vanquished.

Vanquished Creatures (others)
  A gnoll (D:9)
  6 bushes (Lair:7)
  A fire vortex (Volcano)
  20 fungi
  22 plants
50 creatures vanquished.

Grand Total: 727 creatures vanquished

Notes
Turn   | Place    | Note
--------------------------------------------------------------
     0 | D:1      | Peloso the Minotaur Fighter began the quest for the Orb.
     0 | D:1      | Reached XP level 1. HP: 19/19 MP: 0/0
   282 | D:1      | Reached XP level 2. HP: 27/27 MP: 1/1
   820 | D:2      | Found a sparkling altar of Nemelex Xobeh.
   844 | D:2      | Reached skill level 4 in Shields
   924 | D:2      | Reached XP level 3. HP: 23/33 MP: 2/2
  1611 | D:2      | Noticed Sigmund
  1634 | D:2      | Killed Sigmund
  1634 | D:2      | Reached skill level 5 in Armour
  1634 | D:2      | Reached skill level 5 in Shields
  1634 | D:2      | Reached XP level 4. HP: 34/41 MP: 3/3
  1634 | D:2      | Reached XP level 5. HP: 39/47 MP: 4/4
  1759 | D:3      | Found an opulent altar of Gozag.
  1846 | D:3      | Reached XP level 6. HP: 50/53 MP: 5/5
  1924 | D:3      | Found a glowing silver altar of Zin.
  2196 | D:4      | Found a shadowy altar of Dithmenos.
  2370 | D:4      | Reached skill level 6 in Shields
  2569 | D:4      | Found a staircase to the Ecumenical Temple.
  2575 | Temple   | Entered the Ecumenical Temple
  2670 | Temple   | Became a worshipper of Warmaster Okawaru
  3342 | D:5      | Entered Level 5 of the Dungeon
  3401 | D:5      | Reached skill level 5 in Fighting
  3401 | D:5      | Reached XP level 7. HP: 51/61 MP: 6/6
  3582 | D:5      | Noticed schammes's ghost (amateur DsFi)
  3783 | D:5      | Killed schammes's ghost
  3868 | D:5      | Reached * piety under Okawaru
  3868 | D:5      | Reached skill level 7 in Shields
  3992 | D:5      | Reached skill level 5 in Long Blades
  3992 | D:5      | Reached XP level 8. HP: 57/68 MP: 7/7
  3994 | D:5      | Found a white marble altar of Elyvilon.
  4496 | D:5      | Reached ** piety under Okawaru
  4974 | D:7      | Reached skill level 5 in Dodging
  5000 | D:7      | HP: 3/70 [ice beast (13)]
  5075 | D:7      | Noticed tape's ghost (novice TeFE)
  5332 | D:7      | Reached skill level 8 in Shields
  5347 | D:7      | Killed tape's ghost
  5347 | D:7      | Reached skill level 1 in Stealth
  5347 | D:7      | Reached XP level 9. HP: 35/77 MP: 8/8
  5850 | D:7      | Reached skill level 1 in Invocations
  6017 | D:7      | Noticed Jessica
  6021 | D:7      | Killed Jessica
  6025 | D:7      | Found a deep blue altar of Sif Muna.
  6270 | D:7      | You fall through a shaft for 3 floors!
  6270 | D:10     | Entered Level 10 of the Dungeon
  6526 | D:9      | Reached skill level 9 in Shields
  6534 | D:9      | Noticed Erica
  6569 | D:9      | Killed Erica
  6569 | D:9      | Reached *** piety under Okawaru
  6919 | D:9      | Found a staircase to the Lair.
  6968 | D:9      | Reached **** piety under Okawaru
  6968 | D:9      | Reached XP level 10. HP: 76/86 MP: 9/9
  7309 | D:9      | Received a gift from Okawaru
  7428 | D:9      | Reached skill level 10 in Shields
  8086 | D:10     | Noticed Snorg
  8105 | D:10     | Killed Snorg
  8155 | D:10     | Reached skill level 11 in Shields
  8177 | D:10     | Reached ***** piety under Okawaru
  8514 | D:10     | Noticed a hill giant
  8518 | D:10     | Killed a hill giant
  8518 | D:10     | Reached skill level 10 in Long Blades
  8518 | D:10     | Reached skill level 10 in Armour
  8518 | D:10     | Reached XP level 11. HP: 73/95 MP: 11/11
  9414 | D:11     | Found Xaroi's Magic Scroll Emporium.
  9440 | D:11     | Noticed a hill giant
  9447 | D:11     | Killed a hill giant
  9683 | D:11     | Received a gift from Okawaru
  9805 | D:11     | Found a snail-covered altar of Cheibriados.
 10114 | D:11     | Noticed a skeletal warrior
 10117 | D:11     | Noticed a skeletal warrior
 10117 | D:11     | Noticed a skeletal warrior
 10118 | D:11     | Noticed a skeletal warrior
 10164 | D:10     | Killed a skeletal warrior
 10164 | D:10     | Reached skill level 12 in Shields
 10199 | D:10     | Killed a skeletal warrior
 10204 | D:10     | Killed a skeletal warrior
 10315 | D:11     | Killed a skeletal warrior
 10457 | D:10     | Noticed a purple ugly thing
 10465 | D:10     | Killed a purple ugly thing
 10549 | D:11     | Reached skill level 10 in Fighting
 10897 | D:11     | Found a staircase to the Orcish Mines.
 10900 | D:11     | Found a portal to a secret trove of treasure.
 11017 | D:11     | Reached XP level 12. HP: 78/106 MP: 12/12
 11222 | D:11     | Reached skill level 13 in Shields
 11430 | D:12     | Noticed Urug
 11445 | D:12     | Killed Urug
 11482 | D:12     | Reached ****** piety under Okawaru
 11482 | D:12     | Received a gift from Okawaru
 11726 | D:12     | Found a runed door.
 11738 | D:12     | Gained mutation: Your body sometimes deteriorates upon taking damage. [a shining eye]
 11741 | D:12     | Noticed an anaconda
 11741 | D:12     | a glowing shapeshifter changed into an anaconda
 11752 | D:12     | Killed an anaconda
 11938 | D:12     | Noticed a yaktaur captain
 11938 | D:12     | Noticed a fire giant
 11949 | D:12     | Killed a fire giant
 11955 | D:12     | Killed a yaktaur captain
 12721 | Lair:1   | Entered Level 1 of the Lair of Beasts
 12764 | Lair:1   | Noticed Joseph
 12779 | Lair:1   | Killed Joseph
 12885 | Lair:1   | Noticed a five-headed hydra
 12893 | Lair:1   | Killed a one-headed hydra
 12906 | Lair:1   | Noticed a five-headed hydra
 12914 | Lair:1   | Killed a one-headed hydra
 12929 | Lair:1   | Noticed Nergalle
 12968 | Lair:1   | Killed Nergalle
 13184 | Lair:1   | Found a blossoming altar of Fedhas.
 13285 | Lair:1   | Reached XP level 13. HP: 116/116 MP: 13/13
 13321 | Lair:1   | Gained mutation: You are robust (+10% HP). [potion of beneficial mutation]
 13322 | Lair:1   | Gained mutation: Your muscles are strong. (Str +2) [potion of beneficial mutation]
 13350 | Lair:1   | Noticed tesudzi's ghost (novice DDNe)
 13395 | Lair:1   | Killed tesudzi's ghost
 13396 | Lair:1   | Reached skill level 14 in Shields
 13664 | Lair:1   | Received a gift from Okawaru
 15535 | Lair:3   | Found a staircase to the Shoals.
 15665 | Lair:3   | Reached skill level 15 in Shields
 15932 | Lair:4   | Noticed Sonja
 15947 | Lair:4   | Killed Sonja
 15978 | Lair:4   | Reached skill level 1 in Evocations
 16215 | Lair:4   | Received a gift from Okawaru
 17938 | Lair:6   | Found a dark tunnel.
 18043 | Volcano  | Entered a volcano
 18053 | Volcano  | Reached XP level 14. HP: 139/139 MP: 14/14
 18614 | Lair:6   | Found a hole to the Spider Nest.
 18798 | Lair:6   | Found a staircase to the Slime Pits.
 19601 | Lair:7   | Found a labyrinth entrance.
 19611 | Lab      | Entered a labyrinth
 20311 | Lab      | Reached skill level 16 in Shields
 20323 | Lab      | Got a smoking greatsling
 20672 | Lair:7   | Got a brightly glowing cloak
 20683 | Lair:7   | Identified the +2 cloak of Indecent Exposure {rElec Str+4} (You found it on level 7 of the Lair of Beasts)
 20738 | Lair:7   | Reached skill level 15 in Long Blades
 20884 | Lair:7   | Received a gift from Okawaru
 20889 | Lair:7   | Got a spiked hat {god gift}
 20895 | Lair:7   | Identified the +1 hat of the Sailor {rF- rC+ MR- Str+5} (Okawaru gifted it to you on level 7 of the Lair of Beasts)
 21866 | Lair:8   | Entered Level 8 of the Lair of Beasts
 22743 | Lair:8   | Found a runed door.
 22779 | Lair:8   | Killed from afar by a fire dragon

Skill      XL: |  1  2  3  4  5  6  7  8  9 10 11 12 13 14 |
---------------+-------------------------------------------+-----
Fighting       | 4 5 6 7 8 10 11 12 13 | 13.5
Shields        | 4 5 6 7 8 9 11 12 13 15 16 | 16.9
Armour         | 4 5 6 7 8 10 11 12 13 14 | 14.2
Long Blades    | 3 4 5 6 8 10 11 13 14 15 | 15.6
Dodging        | 2 3 4 5 6 7 |  7.4
Stealth        | 1 |  1.9
Invocations    | 1 2 |  2.2
Evocations     | 1 |  1.2

Action                   |  1- 3 |  4- 6 |  7- 9 | 10-12 | 13-15 || total
-------------------------+-------+-------+-------+-------+-------++-------
Melee: Long sword        |    94 |   133 |   310 |       |       ||   537
       Headbutt          |     8 |    22 |    73 |   193 |   313 ||   609
       Scimitar          |       |       |    53 |   755 |  1179 ||  1987
Invok: Heroism           |       |       |     6 |     6 |     8 ||    20
Evoke: Wand              |       |       |       |       |     7 ||     7
  Use: Scroll            |       |     5 |     8 |     8 |    15 ||    36
       Potion            |       |       |     3 |       |     2 ||     5
  Eat: Chunk             |     2 |     5 |    10 |    28 |    28 ||    73
       Beef jerky        |       |       |     1 |       |     1 ||     2
       Pizza             |       |       |       |     1 |     2 ||     3
Armor: Scale mail        |    35 |    49 |    53 |       |       ||   137
       Plate armour      |       |       |   104 |   241 |   612 ||   957
Dodge: Dodged            |    26 |    57 |   140 |   206 |   426 ||   855
Block: Shield            |    63 |    83 |   208 |   373 |   901 ||  1628
